 Dungeon Crawl Stone Soup version 0.29.0-4-gdea44cf6ec (webtiles) character file.

Game seed: 11891773033653684358

725 qw the Chopper (level 7, -1/44 HPs)
             Began as a Gargoyle Fighter on Sept 10, 2022.
             Slain by an orc warrior
             ... wielding a +0 glaive
              (9 damage)
             ... on level 5 of the Dungeon.
             The game lasted 00:01:56 (5704 turns).

qw the Chopper (Gargoyle Fighter)                   Turns: 5704, Time: 00:01:57

Health: -1/44      AC: 15    Str: 28    XL:     7   Next: 71%
Magic:  7/7        EV:  8    Int:  8    God:
Gold:   260        SH:  4    Dex:  9    Spells: 6/6 levels left

rFire   . . .      SeeInvis .   f - +1 war axe of Demonkind {pain, rPois}
rCold   . . .      Faith    .   c - +0 buckler
rNeg    + . .      Spirit   .   m - +0 chain mail
rPois   inf        Reflect  .   (no helmet)
rElec   +          Harm     .   (no cloak)
rCorr   .          Rampage  .   n - +0 pair of gloves
Will    .....                   (no boots)
Stlth   ..........              (no amulet)
HPRegen 0.14/turn               h - +6 ring of strength
MPRegen 0.10/turn               (no ring)

@: about to teleport
A: sickness immunity, AC +4, negative energy resistance 1, electricity
resistance, torment resistance 1, petrification resistance
a: no special abilities


You were on level 5 of the Dungeon.
You visited 2 branches of the dungeon, and saw 6 of its levels.

You collected 260 gold pieces.


Innate Abilities, Weirdness & Mutations

You are immune to sickness and miasma.
Your stone body is resilient. (AC +4)
You are immune to poison.
You resist negative energy. (rN+)
You are resistant to electric shocks. (rElec)
You are resistant to unholy torment.
You are immune to petrification.


   Skills:
 + Level 4.8 Fighting
 - Level 7.0 Axes
 - Level 3.2 Armour
 - Level 1.0 Dodging
 - Level 3.2 Shields


You had 6 spell levels left.
You didn't know any spells.
Your spell library was empty.

Inventory:

Hand Weapons
 f - the +1 war axe of Demonkind (weapon) {pain, rPois}
   (You found it on level 3 of the Dungeon)

   In the hands of one skilled in necromantic magic, it inflicts extra damage on
   living creatures.
   rPois:     It protects you from poison.
 j - the +6 flail of Rotation {vorpal, Str+4}
   (You found it on level 4 of the Dungeon)

   It inflicts extra damage upon your enemies.
   Str:       It affects your strength (+4).
Armour
 c - a +0 buckler (worn)
 m - a +0 chain mail (worn)
 n - a +0 pair of gloves (worn)
Jewellery
 h - a +6 ring of strength (left hand)
Scrolls
 i - 3 scrolls of teleportation
Potions
 a - a potion of heal wounds {unknown}
 d - a potion of might
 e - a potion of lignification
 g - 2 potions of curing
 k - a potion of degeneration {unknown}
 l - a potion of haste

Dungeon Overview and Level Annotations

Branches:
Dungeon (5/15)             Temple (1/1) D:5

Altars:
Ashenzari
Elyvilon
Fedhas
Gozag
Hepliaklqana
Kikubaaqudgha
Nemelex Xobeh
Ru
Sif Muna
Trog
Uskayaw
Vehumet
Wu Jian
Xom
Yredelemnul
The Shining One


Message History

You slash the ogre!
You kill the ogre!
You barely miss the orc. The orc hits you but does no damage.
You slash the orc!
You kill the orc!
You start resting.
An orc warrior comes into view. It is wielding a +0 glaive.
5693 ||| FLEEEEING.
a - a lumpy dark potion
Things that are here:
a +0 short sword; a +0 giant spiked club; an orc corpse
5695 ||| FLEEEEING.
Found Great Wizards, Vol.
VII.
The orc warrior shouts!
You hear a shout!
The orc wizard shouts!
The orc warrior hits you but does no damage.
An orc comes into view.
It is wielding a +2 short sword of holy wrath.
You block the orc warrior's attack.
You hit the orc warrior.
The orc warrior is lightly wounded.
The orc warrior closely misses you.
You slash the orc warrior!
The orc warrior is moderately wounded.
The orc warrior hits you but does no damage.
The orc warrior hits you with a +0 glaive!
The orc wizard gestures wildly while chanting.
The orc wizard flickers and vanishes!
Deactivating autopickup; reactivate with Ctrl-A.
You hit the orc warrior.
The orc warrior is moderately wounded.
You hear some strange, mumbled words.
A puff of flame appears from out of thin air!
The puff of flame hits you.
The orc warrior hits you with a +0 glaive!
5704 ||| READING 4 scrolls of teleportation.
As you read the scroll of teleportation, it crumbles to dust.
You feel strangely unstable.
The orc warrior hits you with a +0 glaive!
You die...

#.#.#.##.#.##..#.......
..#........##..#.....##
#...:..#.#.............
.#......#.##..........
.....#...##.##....###
.#.##.#.#.#.##.......# #
..........#....###..####
.###.##.#.#.##..........
....o..@....##.#.#..####
##.###o##.#.##..........
#.###.##)#.##..........
o.o(..........###..###.
...######..#### #..##..
#.## #..##.. #.# #..##..
#.#######......
#..........###.


You could see an orc warrior and an orc.

Vanquished Creatures
  Sigmund (D:2)
  An ogre (D:5)
  A phantom (D:5)
  A necrophage (D:5)
  2 scorpions (D:5)
  A hound (D:5)
  Ijyb (D:4)
  An orc wizard (D:4)
  4 adders
  A worm (D:5)
  3 dart slugs
  11 orcs
  10 ball pythons
  8 bats
  8 endoplasms
  3 giant cockroaches
  3 goblins
  9 hobgoblins
  5 jackals
  7 kobolds
  2 quokkas
  4 frilled lizards
  9 rats
96 creatures vanquished.

Notes
Turn   | Place    | Note
-------+----------+-------------------------------------------
     0 | D:1      | qw the Gargoyle Fighter began the quest for the Orb.
     0 | D:1      | Reached XP level 1. HP: 14/14 MP: 1/1
     0 | D:1      | 0 ||| qw: Version: 0.1-a-116-g5d60599
     0 | D:1      | 0 ||| qw: Game counter: 7532
     0 | D:1      | 0 ||| qw: Always use a shield: true
     0 | D:1      | 0 ||| qw: God list: Okawaru
     0 | D:1      | 0 ||| qw: Allow faded altars: false
     0 | D:1      | 0 ||| qw: Do Orc after D:15 true
     0 | D:1      | 0 ||| qw: Do second Lair branch before Depths: true
     0 | D:1      | 0 ||| qw: Lair rune preference: random
     0 | D:1      | 0 ||| qw: Plans: Normal, Zot, God:TSO, Crypt, Tomb, Zig,
                  | Orb
     0 | D:1      | 0 ||| PLANNING D:1-11
   295 | D:1      | Reached skill level 2 in Axes
   376 | D:1      | 376 ||| Stepping ~*~*~tactically~*~*~ (stealth).
   388 | D:1      | Reached XP level 2. HP: 18/19 MP: 2/2
   798 | D:1      | 798 ||| Stepping ~*~*~tactically~*~*~ (stealth).
   799 | D:1      | 799 ||| Stepping ~*~*~tactically~*~*~ (stealth).
  1015 | D:1      | Reached skill level 3 in Axes
  1059 | D:1      | Reached XP level 3. HP: 21/23 MP: 3/3
  1616 | D:1      | 1616 ||| READING scroll labelled XEEBEF UWN.
  1959 | D:2      | Noticed Sigmund
  1964 | D:2      | HP: 4/23 [Sigmund/+0 scythe (3)]
  1968 | D:2      | Killed Sigmund
  1969 | D:2      | Reached skill level 5 in Axes
  1969 | D:2      | Reached XP level 4. HP: 5/28 MP: 4/4
  1969 | D:2      | Reached XP level 5. HP: 6/32 MP: 5/5
  2277 | D:2      | 2277 ||| Stepping ~*~*~tactically~*~*~ (stealth).
  2280 | D:2      | 2280 ||| Stepping ~*~*~tactically~*~*~ (stealth).
  2281 | D:2      | Found a faded altar of an unknown god.
  2576 | D:2      | Reached XP level 6. HP: 37/37 MP: 6/6
  2663 | D:2      | 2663 ||| READING scroll labelled ONICVAFF ZAEKK.
  2664 | D:2      | 2664 ||| READING 2 scrolls labelled KEXEUS NINEOT.
  2665 | D:2      | 2665 ||| READING 2 scrolls labelled RYT MYATEFAC.
  2666 | D:2      | 2666 ||| READING scroll labelled PATRAT DAEHA.
  2670 | D:2      | 2670 ||| DRINKING 2 bubbling amethyst potions.
  2671 | D:2      | 2671 ||| DRINKING 3 brown potions.
  2672 | D:2      | 2672 ||| DROPPING potion of brilliance.
  2673 | D:2      | 2673 ||| DROPPING scroll of amnesia.
  2674 | D:2      | 2674 ||| DROPPING scroll of vulnerability.
  2715 | D:3      | 2715 ||| Stepping ~*~*~tactically~*~*~ (stealth).
  2726 | D:3      | 2726 ||| FLEEEEING.
  2727 | D:3      | 2727 ||| FLEEEEING.
  2728 | D:3      | 2728 ||| FLEEEEING.
  2816 | D:3      | Identified the +1 war axe of Demonkind {pain, rPois}
  2818 | D:3      | 2818 ||| SWAPPING to +1 war axe of Demonkind {pain, rPois}.
  2819 | D:3      | 2819 ||| DROPPING +0 war axe.
  3134 | D:3      | Found a white marble altar of Elyvilon.
  3351 | D:3      | 3351 ||| UPGRADING to +6 ring of strength.
  3352 | D:3      | 3352 ||| READING scroll labelled ICUOVU CYDAI.
  3413 | D:3      | 3413 ||| READING 2 scrolls labelled MIXKAUR XIXYWU.
  3414 | D:3      | 3414 ||| DRINKING 2 ruby potions.
  3446 | D:3      | 3446 ||| DROPPING scroll of immolation.
  3492 | D:4      | Identified the +6 flail of Rotation {vorpal, Str+4}
  3494 | D:4      | 3494 ||| DROPPING +0 whip.
  3517 | D:4      | 3517 ||| FLEEEEING.
  3518 | D:4      | 3518 ||| FLEEEEING.
  3519 | D:4      | 3519 ||| FLEEEEING.
  3520 | D:4      | 3520 ||| FLEEEEING.
  3521 | D:4      | 3521 ||| FLEEEEING.
  3522 | D:4      | 3522 ||| FLEEEEING.
  3523 | D:4      | 3523 ||| FLEEEEING.
  3532 | D:4      | 3532 ||| Stepping ~*~*~tactically~*~*~ (hiding).
  3576 | D:4      | Noticed Ijyb
  3578 | D:4      | 3578 ||| FLEEEEING.
  3579 | D:4      | 3579 ||| FLEEEEING.
  3580 | D:4      | 3580 ||| STAIRDANCE
  3703 | D:4      | 3703 ||| Stepping ~*~*~tactically~*~*~ (hiding).
  3710 | D:4      | Killed Ijyb
  3846 | D:4      | Reached skill level 1 in Dodging
  4205 | D:4      | Identified the +6 spear of the Jumping Priest {vorpal,
                  | *Noise Str+3}
  4289 | D:4      | 4289 ||| Stepping ~*~*~tactically~*~*~ (stealth).
  4291 | D:4      | 4291 ||| Stepping ~*~*~tactically~*~*~ (stealth).
  4542 | D:4      | 4542 ||| UPGRADING to +1 scale mail of willpower.
  4552 | D:4      | 4552 ||| DROPPING +0 scale mail.
  4553 | D:4      | 4553 ||| UPGRADING to +0 chain mail.
  4563 | D:4      | 4563 ||| DROPPING +1 scale mail of willpower.
  4564 | D:4      | 4564 ||| UPGRADING to +0 pair of gloves.
  4569 | D:4      | 4569 ||| READING scroll labelled YRAGRONTIWO.
  4570 | D:4      | 4570 ||| DRINKING 2 orange potions.
  4606 | D:5      | Entered Level 5 of the Dungeon
  4671 | D:5      | Reached skill level 6 in Axes
  4671 | D:5      | Reached XP level 7. HP: 16/43 MP: 7/7
  5001 | D:5      | Found a staircase to the Ecumenical Temple.
  5003 | D:5      | 5003 ||| PLANNING TEMPLE
  5132 | Temple   | Entered the Ecumenical Temple
  5349 | Temple   | 5349 ||| PLANNING D:1-11
  5393 | D:5      | 5393 ||| Stepping ~*~*~tactically~*~*~ (stealth).
  5428 | D:5      | 5428 ||| Stepping ~*~*~tactically~*~*~ (stealth).
  5434 | D:5      | 5434 ||| Stepping ~*~*~tactically~*~*~ (stealth).
  5438 | D:5      | 5438 ||| Stepping ~*~*~tactically~*~*~ (stealth).
  5447 | D:5      | 5447 ||| Stepping ~*~*~tactically~*~*~ (stealth).
  5452 | D:5      | 5452 ||| Stepping ~*~*~tactically~*~*~ (stealth).
  5623 | D:5      | 5623 ||| Stepping ~*~*~tactically~*~*~ (stealth).
  5634 | D:5      | Reached skill level 7 in Axes
  5637 | D:5      | 5637 ||| Stepping ~*~*~tactically~*~*~ (stealth).
  5693 | D:5      | 5693 ||| FLEEEEING.
  5695 | D:5      | 5695 ||| FLEEEEING.
  5703 | D:5      | HP: 8/44 [orc warrior/+0 glaive (16)]
  5704 | D:5      | 5704 ||| READING 4 scrolls of teleportation.
  5704 | D:5      | Slain by an orc warrior

Levels and vault maps discovered:
D:1:      wheals_arrival_linesprint, layout_basic, patterned_corridor
D:2:      layout_rooms, shapermc_ecumenical_altar_starsandcircs,
          nicolae_eternal_life, uniq_sigmund
D:3:      layout_basic, elyvilon_altar_4
D:4:      layout_gridville, uniq_ijyb
D:5:      layout_basic, minmay_temple_entry_drinking_statues,
          minmay_diced_spiral
Temple:   regret_index_temple_generic_petals

Skill      XL: |  1  2  3  4  5  6  7 |
---------------+----------------------+-----
Axes           | 2 3 5 6 7 |  7.0
Dodging        | 1 |  1.0
Fighting       | 4 |  4.8
Armour         | |  3.2
Shields        | |  3.2

Action                   |  1- 3 |  4- 6 |  7- 9 || total
-------------------------+-------+-------+-------++-------
Melee: War axe           |   117 |   163 |    67 ||   347
  Use: Scroll            |     1 |     7 |     1 ||     9
       Potion            |       |     4 |       ||     4
Armor: Scale mail        |    81 |    62 |       ||   143
       Chain mail        |       |     6 |    36 ||    42
Dodge: Dodged            |    57 |    62 |    23 ||   142
Block: Buckler           |    32 |    25 |    12 ||    69

Table legend:
 A = Non-vault XP
 B = Vault XP
 C = Vault XP percentage of total XP
 D = Non-vault monster count
 E = Vault monster count
 F = Vault count percentage of total count
                 A         B        C        D         E       F
            +---------+---------+-------+---------+---------+-------
      Total |     572 |     464 |  44.8 |      92 |       4 |   4.2
            +---------+---------+-------+---------+---------+-------
        D:1 |      39 |       0 |   0.0 |      24 |       0 |   0.0
        D:2 |      49 |     231 |  82.5 |      23 |       1 |   4.2
        D:3 |      27 |       0 |   0.0 |       9 |       0 |   0.0
        D:4 |     101 |      36 |  26.3 |      24 |       1 |   4.0
        D:5 |     356 |     197 |  35.6 |      12 |       2 |  14.3
            +---------+---------+-------+---------+---------+-------
